 Dungeon Crawl Stone Soup version 0.25-a0-292-gaa31f046c4 (webtiles) character file.

Game seed: 9452072142146735512, levelgen mode: deterministic

739 floatRand the Insei (level 7, 0/52 HPs)
             Began as a Demonspawn Monk on Dec 15, 2019.
             Was a Follower of Qazlal.
             Slain by an orc
             ... wielding a +0 flail of draining
              (2 damage)
             ... on level 5 of the Dungeon.
             The game lasted 00:05:54 (5422 turns).

floatRand the Insei (Demonspawn Monk)               Turns: 5422, Time: 00:05:54

Health: 0/52       AC:  5    Str: 18    XL:     7   Next: 46%
Magic:  9/10       EV: 18    Int: 11    God:    Qazlal [*.....]
Gold:   227        SH:  2    Dex: 21    Spells: 6/6 levels left

rFire    . . .     SeeInvis .     - Unarmed
rCold    . . .     Gourm    .   (no shield)
rNeg     . . .     Faith    .   a - +0 robe
rPois    .         Spirit   .   (no helmet)
rElec    .         Reflect  .   (no cloak)
rCorr    .         Harm     .   (no gloves)
MR       .....                  h - +0 pair of boots
Stlth    ++++......             (no amulet)
HPRegen  0.17/turn              r - ring of wizardry
MPRegen  0.12/turn              (no ring)

@: mighty, agile, starving, studying Dodging, lightly drained
A: claws 1, thin metallic scales 1, nightstalker 1, rot immunity
a: Renounce Religion


You were on level 5 of the Dungeon.
You worshipped Qazlal.
Qazlal was aware of your devotion.
You were starving.

You visited 1 branch of the dungeon, and saw 5 of its levels.

You collected 227 gold pieces.

Inventory:

Missiles
 f - a throwing net (quivered)
 m - 8 poisoned darts
Armour
 a - a +0 robe (worn)
 h - a +0 pair of boots (worn)
Jewellery
 r - a ring of wizardry (left claw)
Scrolls
 c - a scroll of identify
 d - 5 scrolls of remove curse
 g - a scroll of magic mapping {unknown}
 i - 2 scrolls of teleportation {unknown}
 q - 2 scrolls of enchant weapon {unknown}
Potions
 e - 2 potions of flight
 j - a potion of curing
 k - a potion of might
 l - a potion of berserk rage {unknown}
 n - a potion of agility
 o - a potion of haste {unknown}
 p - a potion of invisibility {unknown}
Books
 s - a manual of Dodging
Comestibles
 b - 8 rations
 t - 3 chunks of flesh


   Skills:
 - Level 3.0(2.7) Fighting
 - Level 2.6(2.4) Dodging
 - Level 1.7(1.5) Stealth
 * Level 7.4(7.1) Unarmed Combat
 + Level 4.2(3.9) Invocations


You had 6 spell levels left.
You didn't know any spells.
Your spell library was empty.

Dungeon Overview and Level Annotations

Branches:
Dungeon (5/15)
 Temple: D:4-7

Altars:
Cheibriados
Elyvilon
Hepliaklqana
Qazlal
Uskayaw
Vehumet
Xom
Zin

Annotations:
D:4 exclusion: statue
D:5 Dowan, Duvessa, Prince Ribbit


Innate Abilities, Weirdness & Mutations

You have sharp fingernails.
You are partially covered in thin metallic scales. (AC +2)
You are slightly more attuned to the shadows.
You are immune to rotting.


Message History

The sky beast completely misses you.
You feel better. The sky beast closely misses you.
You barely miss the sky beast.
The sky beast is moderately wounded.
Prince Ribbit blinks!
The sky beast closely misses you.
You claw the sky beast!
The sky beast is severely wounded.
The sky beast completely misses you.
You mangle the sky beast!!
You kill the sky beast!
Qazlal accepts your kill.
Your Invocations skill increases to level 4!
You are starving!
Prince Ribbit hits you.
* * * LOW HITPOINT WARNING * * *
You barely miss the orc. Prince Ribbit misses you.
The orc hits you with a +0 flail of draining.
* * * LOW HITPOINT WARNING * * *
You feel drained.
You die...

..... . #. ## .... . #.
..# ... . #. #.# ..#.
#. #.# ... ####. #.##
####.. #....####..###
##..÷<. #....F@oZ....#
##......
#...#####.##(###.......
### #.....#........
####..o........
#####.§..... #.......
#...§... #....o..
#.......


You could see Prince Ribbit, an orc and a bullfrog zombie.

Vanquished Creatures
  A hippogriff (D:4)
  Eustachio (D:4)
  A sky beast (D:5)
  An ogre (D:4)
  A howler monkey (D:5)
  An iguana (D:4)
  2 worker ants (D:4)
  8 adders
  An ooze (D:2)
  2 worms
  4 dart slugs
  An orc (D:4)
  3 giant cockroaches
  5 hobgoblins
  4 jackals (D:1)
  4 kobolds
  A quokka (D:3)
  5 bats
  4 frilled lizards
  5 goblins
  A quokka skeleton (D:4)
  4 rats
60 creatures vanquished.

Notes
Turn   | Place    | Note
-------+----------+-------------------------------------------
     0 | D:1      | floatRand the Demonspawn Monk began the quest for the Orb.
     0 | D:1      | Reached XP level 1. HP: 18/18 MP: 1/1
   283 | D:1      | Reached skill level 3 in Unarmed Combat
   352 | D:1      | Found a shimmering altar of Xom.
   397 | D:1      | Gained mutation: You are slightly more attuned to the
                  | shadows. [demonic ancestry]
   397 | D:1      | Reached XP level 2. HP: 22/24 MP: 2/2
  1160 | D:2      | Found a glowing silver altar of Zin.
  1176 | D:2      | Found a hide-covered altar of Uskayaw.
  1177 | D:2      | Found a hazy altar of Hepliaklqana.
  1277 | D:2      | Reached XP level 3. HP: 29/29 MP: 3/3
  1468 | D:2      | Found a snail-covered altar of Cheibriados.
  1481 | D:2      | Reached skill level 4 in Unarmed Combat
  2654 | D:3      | Found a white marble altar of Elyvilon.
  2833 | D:4      | Reached XP level 4. HP: 22/35 MP: 4/4
  3299 | D:4      | Noticed an ogre
  3633 | D:4      | Noticed a hippogriff
  3773 | D:4      | Found a radiant altar of Vehumet.
  3774 | D:4      | Noticed a charred statue
  3889 | D:4      | Reached skill level 5 in Unarmed Combat
  3911 | D:4      | Gained mutation: You are immune to rotting. [demonic
                  | ancestry]
  3911 | D:4      | Reached XP level 5. HP: 22/41 MP: 5/5
  3959 | D:4      | Noticed Eustachio
  3997 | D:4      | HP: 1/41 [ogre/+0 giant club (23)]
  4000 | D:4      | Killed an ogre
  4374 | D:4      | Found a stormy altar of Qazlal.
  4377 | D:4      | Became a worshipper of Qazlal Stormbringer
  4377 | D:4      | Reached * piety under Qazlal
  4377 | D:4      | Reached ** piety under Qazlal
  4432 | D:4      | Reached skill level 6 in Unarmed Combat
  4460 | D:4      | Killed Eustachio
  4460 | D:4      | Gained mutation: You have sharp fingernails. [demonic
                  | ancestry]
  4460 | D:4      | Reached XP level 6. HP: 6/47 MP: 4/7
  4906 | D:4      | Killed a hippogriff
  4906 | D:4      | Reached skill level 7 in Unarmed Combat
  4906 | D:4      | Gained mutation: You are partially covered in thin metallic
                  | scales. (AC +2) [demonic ancestry]
  4906 | D:4      | Reached XP level 7. HP: 14/52 MP: 7/9
  5339 | D:5      | Entered Level 5 of the Dungeon
  5339 | D:5      | Noticed Duvessa
  5339 | D:5      | Noticed Dowan
  5396 | D:5      | Noticed Prince Ribbit
  5416 | D:5      | HP: 1/52 [sky beast (6)]
  5422 | D:5      | HP: 2/52 [orc/+0 flail of draining (5)]
  5422 | D:5      | Slain by an orc

Levels and vault maps discovered:
D:1:      minmay_arrival_stair_chambers, layout_basic, xom_teletrap_fun
D:2:      layout_loops_ring, nicolae_overflow_hidden_temple,
          kennysheep_slug_shrine
D:3:      layout_basic, elyvilon_altar_4
D:4:      layout_basic, vehumet_statue, kennysheep_mini, first_ration,
          minmay_manual_maat, uniq_eustachio
D:5:      layout_rooms, cheibrodos_sewer_entry_bend, vehumet_altar_wand_db,
          uniq_prince_ribbit1, uniq_duvessa

Skill      XL: |  1  2  3  4  5  6  7 |
---------------+----------------------+-----
Unarmed Combat | 3 4 5 6 7 |  7.4
Invocations    | 2 3 4 |  4.2
Fighting       | |  3.0
Dodging        | |  2.6
Stealth        | |  1.7

Action                   |  1- 3 |  4- 6 |  7- 9 || total
-------------------------+-------+-------+-------++-------
Melee: Unarmed           |   157 |    81 |    25 ||   263
       Punch             |     7 |     2 |     2 ||    11
Throw: Dart              |       |     7 |       ||     7
       Throwing net      |       |     1 |       ||     1
Invok: Upheaval          |       |     1 |       ||     1
  Use: Scroll            |     2 |     1 |       ||     3
       Potion            |       |     3 |     3 ||     6
 Stab: Sleeping          |    13 |     2 |       ||    15
  Eat: Chunk             |     6 |     6 |       ||    12
Armor: Robe              |    24 |    21 |     2 ||    47
Dodge: Dodged            |    90 |    98 |    17 ||   205
Block: Other             |       |     7 |     1 ||     8

Table legend:
 A = Non-vault XP
 B = Vault XP
 C = Vault XP percentage of total XP
 D = Non-vault monster count
 E = Vault monster count
 F = Vault count percentage of total count
                 A         B        C        D         E       F
            +---------+---------+-------+---------+---------+-------
      Total |     562 |     495 |  46.8 |      54 |       6 |  10.0
            +---------+---------+-------+---------+---------+-------
        D:1 |      27 |       0 |   0.0 |      15 |       0 |   0.0
        D:2 |      22 |       4 |  15.4 |      12 |       1 |   7.7
        D:3 |      29 |       2 |   6.5 |      10 |       1 |   9.1
        D:4 |     287 |     489 |  63.0 |      14 |       4 |  22.2
        D:5 |     197 |       0 |   0.0 |       3 |       0 |   0.0
            +---------+---------+-------+---------+---------+-------
